Map: Orbital Shipyard

Players

Manta - Winner!

  • Race: Zerg Zerg
  • League: Silver

Paikattack

  • Race: Terran Terran

VOD

Have the link to the VOD?

Description

Time

  • Played on: Feb. 15, 2016, 2:17 p.m.
  • Length: 10:09
Show
View Real Time Build Order
Export as new Build Order

Manta Zerg - Winner!

Build Orders: Pool First 

Get SALT Encoding   

  12  0:04  Drone  
  13  0:15  Overlord  
  13  0:25  Drone  
  14  0:35  Drone  
  15  0:40  Drone  
  16  0:45  Spawning Pool  
  16  0:47  Extractor  
  14  1:00  Drone, Overlord  
  15  1:16  Extractor  
  14  1:20  Drone x2  
  16  1:40  Hatchery  
  16  1:46  Queen  
  17  1:49  Drone  
  18  1:58  Drone x2  
  20  2:14  Drone x2  
  22  2:24  Lair  
  22  2:32  Extractor  
  22  2:33  Drone  
  22  2:34  Drone  
  23  2:45  Overlord  
  23  2:57  Drone  
  24  2:59  Hatchery  
  24  3:02  Drone  
  24  3:07  Drone  
  25  3:16  Drone x3  
  28  3:35  Drone x2  
  28  3:36  Drone x2, Queen  
  28  3:38  Drone  
  35  3:42  Extractor  
  34  3:58  Zergling x8  
  34  4:00  Drone x2  
  40  4:10  Spire  
  40  4:12  Drone x3  
  40  4:13  Extractor  
  41  4:31  Drone x5  
  45  4:34  Spine Crawler  
  45  4:42  Queen  
  45  4:45  Drone x3  
  50  4:53  Overlord  
  50  5:09  Pneumatized Carapace  
  50  5:11  Drone x2  
  50  5:12  Drone x4  
  50  5:13  Drone, Overlord  
  57  5:16  Overlord  
  57  5:26  Overlord  
  57  5:27  Overlord  
  57  5:41  Queen  
  57  5:42  Drone x2  
  61  5:43  Drone x4  
  61  5:47  Zerg Flyer Armor Level 1  
  65  5:58  Metabolic Boost  
  65  6:07  Drone  
  65  6:11  Drone x5  
  70  6:15  Extractor  
  70  6:18  Extractor  
  69  6:28  Drone  
  70  6:35  Mutalisk x2  
  70  6:36  Mutalisk x4  
  70  6:37  Overlord x2  
  70  6:38  Overlord x2  
  82  6:53  Drone, Spine Crawler  
  82  6:55  Overlord x3  
  82  6:56  Spine Crawler, Overlord  
  82  6:58  Drone x3  
  82  6:59  Drone  
  82  7:00  Drone  
  82  7:01  Drone x2  
  88  7:17  Mutalisk x5  
  88  7:18  Mutalisk x3  
  88  7:20  Mutalisk  
  88  7:21  Mutalisk  
  108  7:39  Mutalisk x3  
  108  7:43  Hatchery  
  113  7:48  Zerg Flyer Weapons Level 1  
  113  8:04  Mutalisk x3, Extractor  
  118  8:07  Overlord  
  118  8:08  Zergling x6  
  118  8:09  Extractor  
  118  8:10  Overlord x3  
  118  8:11  Overlord x2  
  120  8:15  Queen  
  120  8:17  Hatchery  
  113  8:51  Mutalisk x5  
  113  8:52  Mutalisk x3  
  129  9:03  Drone x3  
  129  9:05  Drone x3  
  135  9:10  Drone  
  135  9:11  Drone x2  
  135  9:13  Queen  
Show
View Real Time Build Order
Export as new Build Order

Paikattack Terran 

Build Orders:  

Get SALT Encoding   

  12  0:02  SCV  
  13  0:25  Supply Depot, SCV  
  14  0:37  SCV  
  15  0:48  Barracks  
  15  0:49  SCV  
  16  1:35  Supply Depot  
  16  1:43  Command Center, SCV  
  17  1:49  Refinery  
  17  2:06  Engineering Bay  
  17  2:16  SCV  
  17  2:21  Refinery  
  18  2:24  Marine  
  18  2:29  SCV  
  20  2:41  SCV  
  20  2:42  Marine  
  22  2:53  SCV  
  23  3:05  SCV  
  24  3:08  SCV  
  25  3:15  Terran Infantry Weapons Level 1  
  25  3:17  SCV  
  26  3:20  SCV  
  26  3:24  Barracks  
  26  3:27  Marine  
  27  3:32  SCV  
  29  3:44  SCV  
  30  3:56  SCV  
  31  4:06  Missile Turret  
  31  4:07  Missile Turret  
  31  4:08  SCV  
  32  4:14  Marine  
  32  4:15  Missile Turret  
  33  4:18  Missile Turret  
  33  4:20  SCV  
  33  4:22  SCV  
  35  4:31  Marine  
  35  4:33  SCV  
  37  4:41  Marine  
  37  4:45  SCV  
  39  4:48  Factory  
  39  4:49  Marine  
  39  4:51  Refinery  
  40  4:53  Refinery  
  40  4:57  SCV  
  40  4:59  Marine  
  42  5:09  Terran Infantry Armor Level 1, SCV  
  43  5:17  Marine  
  44  5:27  Marine  
  45  5:31  Factory Tech Lab  
  45  5:34  Marine  
  46  5:37  Starport  
  46  5:52  Armory  
  46  6:01  Bunker  
  46  6:21  Orbital Command  
  46  6:47  Missile Turret  
  46  6:48  Missile Turret  
  46  6:49  Missile Turret  
  46  6:52  Missile Turret  
  46  6:55  Missile Turret  
  46  6:58  Missile Turret  
  46  7:02  Supply Depot x2  
  46  7:06  Supply Depot, Terran Infantry Weapons Level 2  
  46  7:23  Marine x2  
  46  7:24  Medivac, SCV, Siege Tank  
  46  7:25  Supply Depot  
  54  7:36  SCV  
  55  7:41  Marine x2  
  57  7:48  SCV  
  58  7:54  Medivac  
  58  7:56  Siege Tank  
  63  7:59  Marine x2  
  63  8:00  Command Center, SCV  
  66  8:12  SCV  
  67  8:17  Marine x2  
  69  8:24  Medivac  
  71  8:35  Marine x2  
  64  8:51  Liberator  
  64  8:52  Marine x2  
  64  8:53  SCV  
  67  9:05  SCV  
  71  9:10  Marine  
  72  9:17  SCV  
  72  9:20  SCV  
  74  9:29  SCV  
  75  9:32  SCV  
  75  9:33  Missile Turret  
  75  9:34  Missile Turret  
  75  9:37  Missile Turret  
  76  9:41  SCV  
  76  9:44  SCV  
  72  9:56  SCV  
Tags
 
League
Silver
Matchup
TvZ
Opening
Pool First
Replay Pack
sc2 replays
Add a new tag
Caveats
  • Supply blocks, unpowered buildings, or Contaminate may cause inaccurate times.
  • Supply counts are checked every 10 seconds.